 Dungeon Crawl Stone Soup version 0.23.1 (webtiles) character file.

Game seed: 0

2268 zedzed the Archer (level 9, -2/79 HPs)
             Began as a Centaur Hunter on Mar 8, 2019.
             Was a Believer of Okawaru.
             Slain by a thrashing horror (5 damage)
             ... on level 1 of the Abyss on Mar 9, 2019.
             The game lasted 00:36:55 (8044 turns).

zedzed the Archer (Centaur Hunter)                  Turns: 8044, Time: 00:36:57

Health: -2/79      AC:  7    Str: 18    XL:     9   Next: 16%
Magic:  9/9        EV:  9    Int: 10    God:    Okawaru [**....]
Gold:   320        SH:  0    Dex: 10    Spells: 8/8 levels left

rFire    . . .     SeeInvis +   E - +2 whip (freeze)
rCold    . . .     Gourm    .   (no shield)
rNeg     . . .     Faith    .   F - +2 robe {Archmagi}
rPois    .         Spirit   .   D - +0 hat
rElec    .         Reflect  .   (no cloak)
rCorr    .         Harm     .   B - +0 pair of gloves
MR       .....                  (no barding)
Stlth    +.........             (no amulet)
HPRegen  0.23/turn              e - ring of see invisible
MPRegen  0.11/turn              u - ring of wizardry

@: very slightly contaminated, very quick
A: large, hooves 3, deformed body, speed 2, tough skin 3
a: Heroism, Renounce Religion


You were on level 1 of the Abyss.
You worshipped Okawaru.
Okawaru was pleased with you.
You were not hungry.

You visited 2 branches of the dungeon, and saw 8 of its levels.
You visited the Abyss 1 time.

You collected 320 gold pieces.

Inventory:

Hand Weapons
 a - a +1 shortbow
 i - a +0 blowgun
 t - a +0 hunting sling
 E - a +2 whip of freezing (weapon)
 L - a +2 short sword of flaming
Missiles
 d - 10 arrows
 k - 154 stones (quivered)
 w - 18 sling bullets
 K - 12 poisoned needles
Armour
 c - a +0 leather armour
 B - a +0 pair of gloves (worn)
 C - a +4 ring mail
 D - a +0 hat (worn)
 F - a +2 robe of the Archmagi (worn)
Jewellery
 e - a ring of see invisible (left hand)
 g - an uncursed ring of magical power
 n - a +2 ring of intelligence
 u - a ring of wizardry (right hand)
Wands
 I - a wand of flame (12)
 M - a wand of random effects (16)
Scrolls
 j - 2 scrolls of teleportation
 m - 6 scrolls of identify
 r - a scroll of immolation {unknown}
 y - a scroll of fog {unknown}
 G - 2 scrolls of remove curse {unknown}
 H - a scroll of holy word {unknown}
 J - a scroll of enchant weapon {unknown}
Potions
 b - a potion of brilliance {unknown}
 h - 2 potions of flight {unknown}
 l - a potion of degeneration {unknown}
 o - a potion of resistance {unknown}
 s - a potion of lignification {unknown}
 v - 2 potions of curing {unknown}
 x - a potion of heal wounds {unknown}
 z - a potion of cancellation {unknown}
 A - a potion of haste {unknown}
Comestibles
 f - 11 rations


   Skills:
 + Level 7.3 Fighting
 - Level 3.0 Maces & Flails
 * Level 11.4 Bows
 - Level 3.4 Armour
 - Level 1.3 Dodging
 - Level 0.4 Stealth


You had 8 spell levels left.
You didn't know any spells.
Your spell library contained the following spells:

 Spells                   Type           Power        Failure   Level  Hunger
 Animate Skeleton         Necr           N/A          16%         1    ##.....
 Apportation              Tloc           #.....       16%         1    ##.....
 Confusing Touch          Hex            #.....       16%         1    ##.....
 Magic Dart               Conj           #...         16%         1    ##.....
 Summon Small Mammal      Summ           #...         16%         1    ##.....
 Searing Ray              Conj           #.....       22%         2    ###....
 Dazzling Spray           Conj/Hex       #.....       41%         3    ####...
 Force Lance              Conj/Tloc      #.......     80%         4    #####..
 Fulminant Prism          Conj/Hex       #.........   80%         4    #####..
 Iskenderun's Mystic Bla  Conj           #.......     80%         4    #####..


Dungeon Overview and Level Annotations

Branches:
Dungeon (7/15)             Temple (1/1) D:6

Altars:
Ashenzari
Cheibriados
Dithmenos
Elyvilon
Gozag
Hepliaklqana
Makhleb
Okawaru
Qazlal
Ru
Trog
Uskayaw
Vehumet
The Shining One

Shops:
D:6 }

Annotations:
D:5 havocjr3's ghost, novice GnWr
D:6 Frank's ghost, novice OpFi
D:7 Harold


Innate Abilities, Weirdness & Mutations

You have hooves in place of feet.
Armour fits poorly on your strangely shaped body.
You cover ground very quickly.
You have extremely tough skin. (AC +3)


Message History

Blink to where?
Press: ? - help, Dir - move target cursor, f - you Are you sure you want to cancel this blink? [Y]es or [N]o only, please.
Are you sure you want to cancel this blink?
Blink to where?
Press: ? - help, Dir - move target cursor You are very lightly contaminated with residual magic.
As you read the scroll labeled AME WIDAMYCVU, it crumbles to dust.
It was a scroll of blinking.
The thrashing horror roars!
As you read the scroll of teleportation, it crumbles to dust.
You feel strangely stable. The thrashing horror tramples you!
* * * LOW HITPOINT WARNING * * *
You hold your ground!
The thrashing horror tramples you but does no damage.
The thrashing horror tramples you.
* * * LOW HITPOINT WARNING * * *
You hold your ground!
The thrashing horror tramples you.
You die...

#..... . #.. # #.
..#.. # #....... .
. #..... ... .
.......... .
.##...# ..... ###
... ... .. #.#
#..#########. .. .
... #.#.#@# #...
.. # #. ## #..#X##
#.. .#.. ... #.
##....##.# ..... #
#. .##..##.
.......... #.
..#.##. ...... ##
# #.......'..
..#...+ .
##...####.........
#...# ##........#
.##... # . ...# #


You could see a thrashing horror.

Vanquished Creatures
  Pikel (D:4)
  Prince Ribbit (D:5)
  An ice beast (D:6)
  A phantom (D:5)
  8 big kobolds
  2 bullfrogs (D:6)
  3 wights (D:6)
  A crimson imp (D:6)
  A howler monkey (D:6)
  2 jellies
  A hound (D:7)
  5 orc wizards
  2 orc priests
  A centaur skeleton (D:4)
  An iguana (D:4)
  3 worker ants
  A hound skeleton (D:6)
  4 adders
  An ooze (D:2)
  An adder zombie (D:2)
  3 worms
  6 leopard geckos
  17 orcs
  2 bats (D:3)
  6 giant cockroaches
  5 goblins
  5 hobgoblins
  5 quokkas
  3 ball pythons
  5 frilled lizards
  8 kobolds
  A quokka zombie (D:5)
  7 rats
114 creatures vanquished.

Vanquished Creatures (others)
  An iguana (D:4)
  A bat (D:2)
2 creatures vanquished.

Grand Total: 116 creatures vanquished

Notes
Turn   | Place    | Note
-------+----------+-------------------------------------------
     0 | D:1      | zedzed the Centaur Hunter began the quest for the Orb.
     0 | D:1      | Reached XP level 1. HP: 17/17 MP: 1/1
   319 | D:1      | You fall through a shaft!
   334 | D:2      | Reached XP level 2. HP: 22/24 MP: 2/2
   371 | D:2      | Reached skill level 6 in Bows
   443 | D:2      | Reached XP level 3. HP: 27/30 MP: 3/3
  1489 | D:2      | You fall through a shaft!
  2173 | D:3      | Reached XP level 4. HP: 37/37 MP: 4/4
  2303 | D:3      | Reached skill level 7 in Bows
  2494 | D:3      | Found a faded altar of an unknown god.
  2784 | D:3      | Reached XP level 5. HP: 32/45 MP: 5/5
  3057 | D:4      | Reached skill level 8 in Bows
  3258 | D:4      | Reached XP level 6. HP: 52/52 MP: 6/6
  3531 | D:4      | Noticed Pikel
  3531 | D:4      | Noticed a slave
  3532 | D:4      | Noticed a slave
  3533 | D:4      | Noticed a slave
  3536 | D:4      | Noticed a slave
  3624 | D:4      | Killed Pikel
  3624 | D:4      | Reached skill level 5 in Fighting
  3624 | D:4      | Reached XP level 7. HP: 61/61 MP: 7/7
  4127 | D:5      | Entered Level 5 of the Dungeon
  4148 | D:5      | Noticed Prince Ribbit
  4176 | D:5      | Killed Prince Ribbit
  4176 | D:5      | Reached XP level 8. HP: 49/69 MP: 8/8
  4508 | D:5      | Found a runed translucent gate.
  4509 | D:5      | Noticed havocjr3's ghost (novice GnWr)
  4513 | D:5      | Found a runed translucent gate.
  4514 | D:5      | Found a runed translucent gate.
  5284 | D:6      | Found a staircase to the Ecumenical Temple.
  5291 | Temple   | Entered the Ecumenical Temple
  5299 | Temple   | Became a worshipper of Warmaster Okawaru
  5414 | D:6      | Reached skill level 9 in Bows
  5608 | D:6      | Found Sanevium's Gadget Emporium.
  5654 | D:6      | Found a hazy altar of Hepliaklqana.
  5662 | D:6      | Found a runed translucent gate.
  5662 | D:6      | Found a runed translucent gate.
  5662 | D:6      | Found a runed translucent gate.
  5663 | D:6      | Identified the cursed +1 short sword of Xom's Hope {drain,
                  | +Fly rN+ Dex+3}
  5664 | D:6      | Noticed Frank's ghost (novice OpFi)
  6203 | D:5      | Reached skill level 10 in Bows
  6318 | D:5      | Reached * piety under Okawaru
  6951 | D:7      | Noticed Harold
  7304 | D:6      | Reached skill level 11 in Bows
  7304 | D:6      | Reached XP level 9. HP: 54/79 MP: 9/9
  7674 | D:6      | Reached ** piety under Okawaru
  7971 | D:6      | Cast into level 1 of the Abyss (big kobold)
  8021 | Abyss:1  | Noticed a thrashing horror
  8044 | Abyss:1  | HP: 3/79 [thrashing horror (4)]
  8044 | Abyss:1  | Slain by a thrashing horror

Skill      XL: |  1  2  3  4  5  6  7  8 |
---------------+-------------------------+-----
Bows           | 6 7 8 11 | 11.4
Fighting       | 3 5 7 |  7.3
Armour         | 3 |  3.4
Maces & Flails | 2 3 |  3.0
Dodging        | |  1.3
Stealth        | |  0.4

Action                   |  1- 3 |  4- 6 |  7- 9 || total
-------------------------+-------+-------+-------++-------
Melee: Short sword       |     7 |       |       ||     7
       Whip              |       |       |    54 ||    54
       Kick              |       |       |    16 ||    16
 Fire: Shortbow          |   125 |   152 |   209 ||   486
       Hunting sling     |       |       |    54 ||    54
       Blowgun           |       |       |    13 ||    13
Throw: Stone             |       |       |     1 ||     1
  Use: Scroll            |       |       |     7 ||     7
  Eat: Chunk             |     2 |     3 |     5 ||    10
       Ration            |       |       |     2 ||     2
Armor: Leather armour    |    14 |    15 |       ||    29
       Robe              |       |       |    27 ||    27
Dodge: Dodged            |    32 |    17 |    46 ||    95
